 Dungeon Crawl Stone Soup version 0.31-a0-981-geadf994542 (webtiles) character file.

Game seed: 14888062227753914491

1153 Gladio the Skirmisher (level 8, -1/65 HPs)
             Began as a Formicid Hunter on Nov 1, 2023.
             Slain by a black bear (6 damage)
             ... on level 5 of the Dungeon.
             The game lasted 00:07:07 (4466 turns).

Gladio the Skirmisher (Formicid Hunter)             Turns: 4466, Time: 00:07:08

Health: -1/65      AC: 11    Str: 16    XL:     8   Next: 65%
Magic:  8/8        EV:  8    Int:  6    God:
Gold:   194        SH:  5    Dex: 22    Spells: 7/7 levels left

rFire   + . .        a - +0 shortbow
rCold   x . .        (no shield)
rNeg    . . .        p - +3 chain mail of Distant Shores {rElec Int-3 Dex+3}
rPois   .            (helmet unavailable)
rElec   +            (no cloak)
rCorr   .            (no gloves)
SInv    +            (no boots)
Will    .....        n - amulet of reflection Stlth
                     g - ring of fire
HPRegen 0.30/turn    (no ring)
MPRegen 0.11/turn

%: reflection
@: no status effects
A: permanent stasis, dig shafts and tunnels, antennae 3, four strong arms
a: Dig, Shaft Self


You were on level 5 of the Dungeon.
You visited 1 branch of the dungeon, and saw 5 of its levels.

You collected 194 gold pieces.

Inventory:

Hand Weapons
 a - a +0 shortbow (weapon)
 r - a +0 rapier
 s - a +1 long sword of electrocution
Missiles
 u - a throwing net
Armour
 c - a +0 leather armour
 j - a +0 ring mail
 p - the +3 chain mail of Distant Shores (worn) {rElec Int-3 Dex+3}
   (You found it on level 3 of the Dungeon)

   Int-3:     It affects your intelligence (-3).
   Dex+3:     It affects your dexterity (+3).
   rElec:     It insulates you from electricity.
Jewellery
 g - a ring of fire (left hand)
 n - an amulet of reflection (around neck)
Wands
 m - a wand of charming (5)
Scrolls
 b - a scroll of butterflies
 d - 2 scrolls of identify
 e - a scroll of poison {unknown}
 h - 3 scrolls of teleportation
 i - a scroll of immolation
 k - a scroll of blinking {unknown}
 t - a scroll of fear {unknown}
Potions
 f - 3 potions of enlightenment
 l - a potion of haste {unknown}
 o - a potion of curing
 q - 4 potions of degeneration


   Skills:
 + Level 6.4 Fighting
 - Level 2.5 Long Blades
 * Level 8.4 Ranged Weapons
 - Level 1.7 Dodging
 - Level 1.2 Stealth


You had 7 spell levels left.
You didn't know any spells.
Your spell library contained the following spells:

 Spells                   Type           Power      Damage    Failure   Level
 Freeze                   Ice            0%         1d3       100%        1
 Static Discharge         Conj/Air       0%         3-3/arc   100%        2
 Frozen Ramparts          Ice            0%         1d1       100%        3
 Hailstorm                Conj/Ice       0%         3d3       100%        3
 Airstrike                Air            0%         2d(0-16)  100%        4
 Summon Ice Beast         Ice/Summ       0%         N/A       100%        4
 Summon Lightning Spire   Summ/Air       0%         N/A       100%        4
 Summon Forest            Summ/Tloc      0%         N/A       100%        5
 Summon Mana Viper        Hex/Summ       0%         N/A       100%        5
 Simulacrum               Ice/Necr       0%         N/A       100%        6
 Summon Cactus Giant      Summ           0%         N/A       100%        6


Dungeon Overview and Level Annotations

Branches:
Dungeon (5/15)
 Temple: D:4-7

Altars:
Kikubaaqudgha

Shops:
D:4 (


Innate Abilities, Weirdness & Mutations

You cannot be hasted, slowed, berserked, paralysed or teleported.
You can dig through walls and to a lower floor.
You have a pair of large antennae on your head. (SInv)
Your four strong arms can wield two-handed weapons with a shield.


Message History

The black bear bites you but does no damage.
The black bear barely misses you.
The black bear claws you but does no damage.
You shoot an arrow.
The arrow hits the black bear but does no damage.
The black bear is heavily wounded.
The black bear closely misses you.
The black bear claws you but does no damage. x2
You shoot an arrow. The arrow hits the black bear!
The black bear is almost dead.
The black bear barely misses you.
The black bear claws you but does no damage.
The black bear barely misses you.
You shoot an arrow. The arrow barely misses the black bear.
The black bear goes berserk!
The black bear bites you! You block the black bear's attack.
The black bear claws you but does no damage.
You shoot an arrow. The arrow hits the black bear.
The black bear is almost dead.
The black bear bites you!
The black bear claws you but does no damage.
The black bear claws you.
The black bear bites you but does no damage.
The black bear claws you. You block the black bear's attack.
You shoot an arrow.
The arrow closely misses the black bear.
The black bear bites you.
* * * LOW HITPOINT WARNING * * *
The black bear claws you but does no damage.
The black bear claws you.
* * * LOW HITPOINT WARNING * * *
The black bear bites you!
* * * LOW HITPOINT WARNING * * *
You block the black bear's attack. x2
You shoot an arrow. The arrow hits the black bear.
The black bear is almost dead.
The black bear barely misses you.
The black bear claws you but does no damage. x2
The black bear bites you.
You die...

.#.# )..# ...... ...# .......
#. ÷..# ##.......! #..
.)†##..........# ..#
.#)......#.....# ..#
.).............. #.#
................######.####
.....<.#........@h........#
.##....#................#.##
##........###########......#
#.#........########..#....#
##.#.....##>......##.###......
#..#...#...######....###.#.#..
#.#........# ##.......# ...
#....###...# #.####..# #.
..#.###....# #.# .#


You could see a black bear (berserk).

Vanquished Creatures
  Sigmund (D:4)
  A water moccasin (D:5)
  A black bear (D:5)
  An ogre (D:4)
  A phantom (D:5)
  4 wights (D:5)
  A howler monkey (D:4)
  2 hounds
  Jessica (D:2)
  3 iguanas
  3 orc wizards
  4 gnolls (D:4)
  4 adders
  2 worms
  A dart slug (D:1)
  14 orcs
  3 ball pythons
  2 bats (D:3)
  3 endoplasms
  2 giant cockroaches
  5 goblins
  7 hobgoblins
  8 jackals
  9 kobolds
  2 quokkas
  4 frilled lizards
  9 rats
98 creatures vanquished.

Vanquished Creatures (collateral kills)
  An orc (D:3)
1 creature vanquished.

Vanquished Creatures (others)
  An ogre (D:4)
  An orc priest (D:3)
2 creatures vanquished.

Grand Total: 101 creatures vanquished

Notes
Turn   | Place    | Note
-------+----------+-------------------------------------------
     0 | D:1      | Gladio the Formicid Hunter began the quest for the Orb.
     0 | D:1      | Reached XP level 1. HP: 16/16 MP: 1/1
    63 | D:1      | Reached XP level 2. HP: 23/23 MP: 2/2
   125 | D:1      | Found a faded altar of an unknown god.
   312 | D:1      | Reached XP level 3. HP: 28/28 MP: 3/3
  1152 | D:2      | Noticed Jessica
  1155 | D:2      | Killed Jessica
  1156 | D:2      | Reached skill level 5 in Ranged Weapons
  1156 | D:2      | Reached XP level 4. HP: 29/35 MP: 4/4
  1920 | D:3      | Identified the +3 chain mail of Distant Shores {rElec Int-3
                  | Dex+3}
  2055 | D:3      | Reached XP level 5. HP: 41/41 MP: 5/5
  2188 | D:3      | Found an ancient bone altar of Kikubaaqudgha.
  2642 | D:4      | Found Tuat's Antique Weapon Shoppe.
  2643 | D:4      | Noticed an ogre
  2671 | D:4      | Reached skill level 1 in Long Blades
  2671 | D:4      | Reached XP level 6. HP: 25/48 MP: 6/6
  2827 | D:4      | Noticed an ogre
  2832 | D:4      | Killed an ogre
  2833 | D:4      | Reached skill level 6 in Ranged Weapons
  2836 | D:4      | Reached XP level 7. HP: 55/55 MP: 7/7
  3260 | D:4      | Noticed Sigmund
  3275 | D:4      | Killed Sigmund
  3276 | D:4      | Reached skill level 5 in Fighting
  3276 | D:4      | Reached skill level 7 in Ranged Weapons
  3946 | D:5      | Entered Level 5 of the Dungeon
  4016 | D:5      | Reached XP level 8. HP: 34/63 MP: 8/8
  4238 | D:5      | Reached skill level 8 in Ranged Weapons
  4466 | D:5      | Slain by a black bear

Illustrated notes

Levels and vault maps discovered:
D:1:      dpeg_arrival_line_fractal, layout_basic, ebering_ecumenical_altar_mist
D:2:      layout_loops_corners, uniq_jessica
D:3:      layout_basic, kiku_gazebo_pond_becter, serial_co_window_serial,
          co_window_paths_a, co_window_corner_a, co_window_paths_a,
          co_window_paths_b, co_window_corner_a, co_window_paths_c,
          co_window_unsneaky_path_d, co_window_cross_2, co_window_cross_4,
          co_window_unsneaky_path_c, co_window_2corner,
          co_window_unsneaky_path_c, glass_columns_b, glass_columns_b,
          glass_columns_a, glass_columns_b, glass_columns_b
D:4:      minmay_chambers_of_fours, layout_basic, serial_shops,
          nicolae_stop_n_shop_2, serial_forest, infiniplex_forest_lined_corner,
          infiniplex_forest_clump_double, infiniplex_forest_lined_4_way,
          infiniplex_forest_lined_3, infiniplex_forest_straight_2,
          infiniplex_forest_corner_2, infiniplex_forest_clump_double,
          hangedman_decor_opposing, nrook_mini_vaults, uniq_sigmund
D:5:      layout_rooms, temple_fountains, minmay_misc_feat_four_crosses

Skill      XL: |  1  2  3  4  5  6  7  8 |
---------------+-------------------------+-----
Fighting       | 3 4 5 6 |  6.4
Ranged Weapons | 5 6 7 8 |  8.4
Long Blades    | 1 2 |  2.5
Dodging        | |  1.7
Stealth        | |  1.2

Action                     |  1- 3 |  4- 6 |  7- 9 || total
---------------------------+-------+-------+-------++-------
  Melee: Shortbow          |       |     3 |     1 ||     4
         Long sword        |       |       |    15 ||    15
   Fire: Shortbow          |    73 |   113 |   141 ||   327
Ability: Dig               |     4 |       |       ||     4
  Evoke: Wand              |       |     2 |       ||     2
    Use: Scroll            |       |       |     4 ||     4
         Potion            |       |       |     1 ||     1
 Armour: Leather armour    |     8 |       |       ||     8
         Chain mail        |       |    78 |   108 ||   186
         Ring mail         |       |     2 |       ||     2
  Dodge: Dodged            |     8 |    56 |    48 ||   112
  Block: Other             |       |       |    19 ||    19

Table legend: (Time is in decaauts)
 A = Elapsed time spent in this place.
 B = Non-inter-level travel time spent in this place.
 C = Inter-level travel time spent in this place.
 D = Time resting spent in this place.
 E = Time spent auto-exploring this place.
 F = Levels seen in this place.
 G = Mean time per level.
                   A        B        C        D        E       F      G
               +--------+--------+--------+--------+--------+-----+--------+
         Total |   4602 |   4411 |    191 |      0 |   3682 |   5 |  920.4 |
       Dungeon |   4602 |   4411 |    191 |      0 |   3682 |   5 |  920.4 |
               +--------+--------+--------+--------+--------+-----+--------+

Top non-repeatable levels by time:
     D:4: 1357 daAuts
     D:3: 1088 daAuts
     D:2: 926 daAuts
     D:1: 671 daAuts
     D:5: 558 daAuts
